 Seeded DCSS version 0.30-a0-1114-gd936c97349 (webtiles) character file.

Game seed: 10500318188560928690 (custom seed)

79 Pimp the Firebug (level 4, -2/24 HPs)
             Began as a Gargoyle Fire Elementalist on Apr 20, 2023.
             Slain by a scorpion (6 damage)
             ... on level 3 of the Dungeon.
             The game lasted 00:07:20 (2641 turns).

Pimp the Firebug (Gargoyle Fire Elementalist)       Turns: 2641, Time: 00:07:20

Health: -2/24      AC:  5    Str: 12    XL:     4   Next: 38%
Magic:  1/7        EV: 11    Int: 17    God:
Gold:   119        SH:  3    Dex: 10    Spells: 5/8 levels left

rFire   + . .      SeeInvis .    g - staff of fire
rCold   . . .      Faith    .    c - +0 buckler
rNeg    + . .      Spirit   .    a - +0 robe
rPois   ∞          Reflect  .    (no helmet)
rElec   +          Rampage  .    (no cloak)
rCorr   .                        (no gloves)
Will    .....                    (no boots)
Stlth   ++                       (no amulet)
HPRegen 0.24/turn                (no ring)
MPRegen 0.10/turn                (no ring)

@: no status effects
A: sickness immunity, AC +3, negative energy resistance 1, electricity
resistance, torment resistance 1, petrification resistance
a: no special abilities


You were on level 3 of the Dungeon.
You visited 1 branch of the dungeon, and saw 3 of its levels.

You collected 119 gold pieces.

Inventory:

Hand Weapons
 d - a +1 hand axe
Armour
 a - a +0 robe (worn)
 c - a +0 buckler (worn)
Magical Staves
 g - a staff of fire (weapon)
Scrolls
 e - 2 scrolls of teleportation
Potions
 b - 2 potions of magic
 i - 2 potions of heal wounds {unknown}
 j - a potion of lignification {unknown}
 l - a potion of degeneration {unknown}


   Skills:
 + Level 2.1 Dodging
 + Level 3.0 Stealth
 + Level 2.5 Spellcasting
 + Level 2.2 Conjurations
 + Level 3.4 Fire Magic


You had 5 spell levels left.
You knew the following spells:

 Your Spells              Type           Power      Damage    Failure   Level
a - Foxfire               Conj/Fire      68%        2x1d7     8%          1
b - Scorch                Fire           40%        2d7       9%          2

Your spell library contained the following spells:

 Spells                   Type           Power      Damage    Failure   Level
 Inner Flame              Hex/Fire       12%        N/A       36%         3
 Volatile Blastmotes      Fire/Tloc      24%        2d12      36%         3
 Gell's Gravitas          Tloc           2%         N/A       58%         3
 Teleport Other           Tloc           2%         N/A       58%         3
 Flame Wave               Conj/Fire      17%        2d7       61%         4
 Dispersal                Tloc           1%         N/A       100%        6


Dungeon Overview and Level Annotations

Branches:
Dungeon (3/15)

Altars:
Zin

Shops:
D:1 [


Innate Abilities, Weirdness & Mutations

You are immune to sickness and miasma.
Your stone body is resilient. (AC +3)
You are immune to poison.
You resist negative energy. (rN+)
You are resistant to electric shocks. (rElec)
You are resistant to unholy torment.
You are immune to petrification.


Message History

You barely miss the scorpion.
The scorpion is severely wounded.
The scorpion barely misses you.
The scorpion stings you but does no damage.
You closely miss the scorpion.
The scorpion is severely wounded.
The scorpion closely misses you.
You hit the scorpion.
The scorpion is severely wounded.
The scorpion stings you. The scorpion closely misses you.
You hit the scorpion but do no damage.
The scorpion is severely wounded.
The scorpion stings you but does no damage.
You hit the scorpion but do no damage.
The scorpion is severely wounded.
The scorpion barely misses you. x2
You barely miss the scorpion.
The scorpion is severely wounded.
The scorpion is no longer more vulnerable to fire.
The scorpion misses you.
You closely miss the scorpion.
The scorpion is severely wounded.
The scorpion stings you.
The scorpion stings you but does no damage.
You barely miss the scorpion.
The scorpion is severely wounded.
The scorpion closely misses you. The scorpion stings you.
You hit the scorpion but do no damage.
The scorpion is severely wounded.
The scorpion stings you.
You hit the scorpion but do no damage.
The scorpion is severely wounded.
The scorpion stings you.
You hit the scorpion but do no damage.
The scorpion is severely wounded.
The scorpion stings you but does no damage.
The scorpion stings you.
* * * LOW HITPOINT WARNING * * *
The scorpion attacks as you move away! The scorpion stings you.
You die...

### ### #.. #s##
#.# #.#@## #.#
#.###.##########
#.#
#!##............#
#.# #..
#.#.########.####.#
#. #...## #.......
# ##.# #####..8 #.
###.8.. # #).....
#.#..##


You could see a scorpion.

Vanquished Creatures
  2 adders (D:2)
  2 dart slugs
  3 orcs (D:3)
  A ball python (D:1)
  2 endoplasms
  3 giant cockroaches
  2 goblins (D:2)
  6 hobgoblins
  4 jackals (D:2)
  8 kobolds
  5 quokkas
  3 bats
  4 frilled lizards
  A rat (D:2)
  2 rat zombies (D:3)
48 creatures vanquished.

Vanquished Creatures (others)
  122 foxfires
122 creatures vanquished.

Grand Total: 170 creatures vanquished

Notes
Turn   | Place    | Note
-------+----------+-------------------------------------------
     0 | D:1      | Pimp the Gargoyle Fire Elementalist began the quest for the
                  | Orb.
     0 | D:1      | Reached XP level 1. HP: 10/10 MP: 3/3
   323 | D:1      | Reached XP level 2. HP: 15/15 MP: 0/5
   635 | D:1      | Found a faded altar of an unknown god.
   764 | D:1      | Found Deass's Antique Armour Boutique.
  1031 | D:2      | Reached XP level 3. HP: 19/19 MP: 1/6
  1778 | D:2      | Reached XP level 4. HP: 22/24 MP: 5/7
  2332 | D:3      | Learned a level 2 spell: Scorch
  2600 | D:3      | Found a glowing silver altar of Zin.
  2624 | D:3      | Noticed a scorpion
  2641 | D:3      | Slain by a scorpion

Illustrated notes

Levels and vault maps discovered:
D:1:      dpeg_arrival_castle, layout_rooms, serial_shops, nicolae_square_shop,
          hellmonk_ecumenical_altar_zigzags
D:2:      layout_basic
D:3:      layout_loops_ring, lemuel_zombie_altar_kikubaaqudgha, zin_statuary,
          kennysheep_orc_chapel, uniq_sigmund

Skill      XL: |  1  2  3  4 |
---------------+-------------+-----
Dodging        | 2 |  2.1
Conjurations   | 2 |  2.2
Stealth        | 3 |  3.0
Spellcasting   | |  2.5
Fire Magic     | |  3.4

Action                     |  1- 3 |  4- 6 || total
---------------------------+-------+-------++-------
  Melee: Staff             |    24 |    16 ||    40
         Hand axe          |     3 |       ||     3
   Cast: Foxfire           |    66 |    31 ||    97
         Scorch            |       |     3 ||     3
    Use: Scroll            |       |     5 ||     5
   Stab: Sleeping          |     2 |       ||     2
 Armour: Robe              |    30 |    15 ||    45
  Dodge: Dodged            |    37 |    19 ||    56
  Block: Buckler           |     9 |     6 ||    15

Table legend: (Time is in decaauts)
 A = Elapsed time spent in this place.
 B = Non-inter-level travel time spent in this place.
 C = Inter-level travel time spent in this place.
 D = Time resting spent in this place.
 E = Time spent auto-exploring this place.
 F = Levels seen in this place.
 G = Mean time per level.
                   A        B        C        D        E       F      G
               +--------+--------+--------+--------+--------+-----+--------+
         Total |   2656 |   2545 |    111 |    868 |   1090 |   3 |  885.3 |
       Dungeon |   2656 |   2545 |    111 |    868 |   1090 |   3 |  885.3 |
               +--------+--------+--------+--------+--------+-----+--------+

Top non-repeatable levels by time:
     D:2: 1078 daAuts
     D:1: 883 daAuts
     D:3: 694 daAuts
